 Dungeon Crawl Stone Soup version 0.26-a0-663-g36e8fdb655 (webtiles) character file.

Game seed: 2344478105270782951

28 dickylongcocking the Grave Robber (level 2, 0/19 HPs)
             Began as a Demonspawn Necromancer on Oct 10, 2020.
             Slain by a kobold
             ... wielding a +0 short sword
              (4 damage)
             ... on level 2 of the Dungeon.
             The game lasted 00:00:54 (1514 turns).

dickylongcocking the Grave Robber (DsNe)            Turns: 1514, Time: 00:00:55

Health: 0/19       AC:  2    Str:  8    XL:     2   Next: 96%
Magic:  5/5        EV: 12    Int: 16    God:
Gold:   61         SH:  0    Dex: 13    Spells: 4/5 levels left

rFire    . . .     SeeInvis .   c - +0 dagger (venom)
rCold    . . .     Faith    .   (no shield)
rNeg     . . .     Spirit   .   a - +0 robe
rPois    .         Reflect  .   (no helmet)
rElec    .         Harm     .   (no cloak)
rCorr    .         Rampage  .   (no gloves)
MR       .....                  (no boots)
Stlth    ++........             (no amulet)
HPRegen  0.06/turn              (no ring)
MPRegen  0.09/turn              (no ring)

@: no status effects
A: talons 1
a: no special abilities


You were on level 2 of the Dungeon.
You visited 1 branch of the dungeon, and saw 2 of its levels.

You collected 61 gold pieces.

Inventory:

Hand Weapons
 b - a +0 club
 c - a +0 dagger of venom (weapon)
Armour
 a - a +0 robe (worn)
Scrolls
 f - a scroll of amnesia {unknown}
 g - 4 scrolls of teleportation {unknown}
Potions
 d - 2 potions of haste {unknown}
 e - a potion of curing {unknown}
 h - a potion of stabbing {unknown}


   Skills:
 + Level 1.0 Short Blades
 - Level 1.7 Dodging
 - Level 1.7 Stealth
 - Level 2.0 Spellcasting
 * Level 5.2 Necromancy


You had 4 spell levels left.
You knew the following spells:

 Your Spells              Type           Power        Failure   Level
a - Pain                  Necr           ###.         2%          1

Your spell library contained the following spells:

 Spells                   Type           Power        Failure   Level
 Animate Skeleton         Necr           ###...       2%          1
 Vampiric Draining        Necr           ###.......   8%          3
 Animate Dead             Necr           ###.......   24%         4
 Agony                    Necr           ###.....     56%         5


Dungeon Overview and Level Annotations

Branches:
Dungeon (2/15)

Altars:


Innate Abilities, Weirdness & Mutations

You have sharp toenails.


Message History

The hobgoblin hits you with a cursed +0 club.
You completely miss the hobgoblin.
The hobgoblin is lightly wounded.
The kobold hits you with a +0 short sword.
The hobgoblin misses you.
You hit the hobgoblin. Your kick misses the hobgoblin.
The hobgoblin is heavily wounded.
The kobold hits you with a +0 short sword.
* * * LOW HITPOINT WARNING * * *
The hobgoblin completely misses you.
You are too injured to fight recklessly!
You hit the hobgoblin.
The hobgoblin looks as sick as possible!
Your kick misses the hobgoblin.
The hobgoblin is almost dead.
You kill the hobgoblin!
Your Short Blades skill increases to level 1!
The bat closely misses you. The bat barely misses you.
The kobold hits you with a +0 short sword.
You die...

#.<.) .... #... #.. ##B.
#. ..## B.. #)K###
.##.#.##@...# .#
.....b..#.$#...
.###.##....##.# #
..........##.# .. #
#.####.##.##.# ..#
##.###.####.)..##.## ..
........)...#......#.##..
####.......#.#<.......#
#.)...###.###.####..


You could see a giant cockroach, a bat and a kobold.

Vanquished Creatures
  A ball python (D:1)
  A bat (D:1)
  2 giant cockroaches (D:1)
  2 goblins (D:1)
  7 hobgoblins
  4 frilled lizards
  6 kobolds
  3 rats (D:1)
26 creatures vanquished.

Notes
Turn   | Place    | Note
-------+----------+-------------------------------------------
     0 | D:1      | dickylongcocking the Demonspawn Necromancer began the quest
                  | for the Orb.
     0 | D:1      | Reached XP level 1. HP: 13/13 MP: 3/3
   230 | D:1      | Gained mutation: You have sharp toenails. [demonic
                  | ancestry]
   230 | D:1      | Reached XP level 2. HP: 19/19 MP: 5/5
   900 | D:1      | Reached skill level 5 in Necromancy
  1514 | D:2      | Reached skill level 1 in Short Blades
  1514 | D:2      | Slain by a kobold

Illustrated notes

Levels and vault maps discovered:
D:1:      saegor_arrival_simple_e, layout_basic
D:2:      layout_basic, palyth_stone_intersect, minmay_diced_spiral

Skill      XL: |  1  2 |
---------------+-------+-----
Necromancy     | 5 |  5.2
Short Blades   | 1 |  1.0
Dodging        | |  1.7
Stealth        | |  1.7
Spellcasting   | |  2.0

Action                   || total
-------------------------++-------
Melee: Dagger            ||    42
       Kick              ||     9
 Cast: Pain              ||    16
 Stab: Sleeping          ||     6
Armor: Robe              ||     3
Dodge: Dodged            ||    33

Table legend: (Time is in decaauts)
 A = Elapsed time spent in this place.
 B = Non-inter-level travel time spent in this place.
 C = Inter-level travel time spent in this place.
 D = Time resting spent in this place.
 E = Time spent auto-exploring this place.
 F = Levels seen in this place.
 G = Mean time per level.
                   A        B        C        D        E       F      G
               +--------+--------+--------+--------+--------+-----+--------+
         Total |   1511 |   1429 |     82 |    524 |    745 |   2 |  755.5 |
       Dungeon |   1511 |   1429 |     82 |    524 |    745 |   2 |  755.5 |
               +--------+--------+--------+--------+--------+-----+--------+

Top non-repeatable levels by time:
     D:1: 1461 daAuts
     D:2: 50 daAuts
